 Dungeon Crawl Stone Soup version 0.26-a0-451-gacbe401039 (webtiles) character file.

Game seed: 18346904094194616786

107 DeltaSign the Shield-Bearer (level 4, -5/29 HPs)
             Began as a Gargoyle Fighter on July 28, 2020.
             Slain by a crocodile (7 damage)
             ... in a sewer.
             The game lasted 00:06:54 (2117 turns).

DeltaSign the Shield-Bearer (Gargoyle Fighter)      Turns: 2117, Time: 00:06:54

Health: -5/29      AC: 14    Str: 19    XL:     4   Next: 86%
Magic:  4/4        EV:  5    Int:  9    God:
Gold:   109        SH:  9    Dex: 10    Spells: 3/3 levels left

rFire    . . .     SeeInvis .   a - +0 flail
rCold    . . .     Faith    .   c - +0 kite shield
rNeg     + . .     Spirit   .   l - +0 chain mail
rPois    ∞         Reflect  .   (no helmet)
rElec    +         Harm     .   (no cloak)
rCorr    .                      o - +0 pair of gloves
MR       .....                  (no boots)
Stlth    ..........             (no amulet)
HPRegen  0.09/turn              (no ring)
MPRegen  0.09/turn              (no ring)

@: mighty
A: negative energy resistance 1, electricity resistance, unbreathing,
petrification resistance, rot immunity, AC +3
a: no special abilities


You were in a sewer.
You visited 1 branch of the dungeon, and saw 3 of its levels.
You also visited: Sewer.

You collected 109 gold pieces.

Inventory:

Hand Weapons
 a - a +0 flail (weapon)
Armour
 c - a +0 kite shield (worn)
 l - a +0 chain mail (worn)
 o - a +0 pair of gloves (worn)
Wands
 r - a wand of flame (16)
Scrolls
 b - 3 scrolls of amnesia {unknown}
 e - 2 scrolls of blinking {unknown}
 f - 3 scrolls of remove curse {unknown}
 h - a scroll of immolation {unknown}
 j - 5 scrolls of identify {unknown}
 n - a scroll of fog {unknown}
 p - a scroll of teleportation {unknown}
 q - a scroll of noise {unknown}
Potions
 g - 2 potions of berserk rage {unknown}
 i - 2 potions of heal wounds {unknown}
 k - 2 potions of curing {unknown}
 m - a potion of stabbing {unknown}
 s - a potion of degeneration {unknown}


   Skills:
 + Level 3.9 Fighting
 * Level 3.3 Maces & Flails
 + Level 3.9 Armour
 + Level 4.0 Shields


You had 3 spell levels left.
You didn't know any spells.
Your spell library was empty.

Dungeon Overview and Level Annotations

Branches:
Dungeon (3/15)              Sewer (1/1)

Altars:
Wu Jian


Innate Abilities, Weirdness & Mutations

You are resistant to torment.
Your stone body is resilient. (AC +3)
You are immune to poison.
You resist negative energy. (rN+)
You are resistant to electric shocks. (rElec)
You can survive without breathing.
You are immune to petrification.
You are immune to rotting.


Message History

The crocodile bites you!
You are too injured to fight recklessly!
You are too injured to fight recklessly!
You hit the crocodile.
The crocodile is severely wounded.
The crocodile bites you.
The crocodile bites you but does no damage.
You closely miss the crocodile.
The crocodile is severely wounded.
You block the crocodile's attack.
You barely miss the crocodile.
The crocodile is severely wounded.
The crocodile bites you!
* * * LOW HITPOINT WARNING * * *
You feel very mighty all of a sudden. The crocodile barely misses you.
You barely miss the crocodile.
The crocodile is severely wounded.
The crocodile bites you!
You die...

###### #.....#
$......
($.....############
(?....t@...........
($.....####.#######
$...... #.# #.....#
#.# ###### #.# #.#
#.# ##.## ##...##


You could see a crocodile.

Vanquished Creatures
  5 adders
  An ooze (D:1)
  2 worms
  A dart slug (D:2)
  2 leopard geckos
  A giant cockroach (D:3)
  A goblin (D:1)
  3 hobgoblins (D:2)
  10 jackals
  A quokka (D:2)
  A ball python (D:3)
  10 bats
  3 frilled lizards
  4 kobolds
  6 rats
51 creatures vanquished.

Vanquished Creatures (others)
  4 toadstools (D:1)
4 creatures vanquished.

Grand Total: 55 creatures vanquished

Notes
Turn   | Place    | Note
-------+----------+-------------------------------------------
     0 | D:1      | DeltaSign the Gargoyle Fighter began the quest for the Orb.
     0 | D:1      | Reached XP level 1. HP: 14/14 MP: 1/1
    79 | D:1      | Reached XP level 2. HP: 16/19 MP: 2/2
   929 | D:2      | Reached XP level 3. HP: 23/23 MP: 3/3
  1452 | D:2      | Reached XP level 4. HP: 29/29 MP: 4/4
  1975 | D:3      | Found an ornate altar of the Wu Jian Council.
  2038 | D:3      | Found a glowing drain.
  2049 | Sewer    | Entered a sewer
  2053 | Sewer    | Reached skill level 4 in Shields
  2104 | Sewer    | Noticed a crocodile
  2117 | Sewer    | Slain by a crocodile

Illustrated notes

Levels and vault maps discovered:
D:1:      ldierk_water_garden, layout_basic
D:2:      layout_loops_ring, grunt_decor_clamped
D:3:      layout_loops_ring, tgw_trog, nicolae_overflow_crystal_walls,
          old_standard_altar, cheibrodos_sewer_entry_sluice,
          hangedman_decor_growths
Sewer:    sewer_big_baddie

Skill      XL: |  1  2  3  4 |
---------------+-------------+-----
Maces & Flails | 3 |  3.3
Shields        | 4 |  4.0
Fighting       | |  3.9
Armour         | |  3.9

Action                   |  1- 3 |  4- 6 || total
-------------------------+-------+-------++-------
Melee: Flail             |   109 |    87 ||   196
  Use: Potion            |       |     1 ||     1
Armor: Scale mail        |    26 |       ||    26
       Chain mail        |    54 |    94 ||   148
Dodge: Dodged            |    31 |    31 ||    62
Block: Kite shield       |    68 |    54 ||   122

Table legend: (Time is in decaauts)
 A = Elapsed time spent in this place.
 B = Non-inter-level travel time spent in this place.
 C = Inter-level travel time spent in this place.
 D = Time resting spent in this place.
 E = Time spent auto-exploring this place.
 F = Levels seen in this place.
 G = Mean time per level.
                   A        B        C        D        E       F      G
               +--------+--------+--------+--------+--------+-----+--------+
         Total |   2187 |   2127 |     60 |    129 |   1526 |   4 |  546.8 |
       Dungeon |   2113 |   2053 |     60 |    129 |   1494 |   3 |  704.3 |
         Sewer |     74 |     74 |      0 |      0 |     32 |   1 |   74.0 |
               +--------+--------+--------+--------+--------+-----+--------+

Top non-repeatable levels by time:
     D:2: 972 daAuts
     D:1: 909 daAuts
     D:3: 230 daAuts
   Sewer: 74 daAuts
